AoeStats
← RightfulYeti

Black Forest

505063765Analyzed
2v2 RM · 26d ago on Sep 7, 2026· 74m 56s· 4 players
Game mode
Random Map
Map size
Medium (4 player)
Population
200
Speed
Normal
Resources
Standard
Victory
Conquest
Starting age
Dark Age
Ending age
Imperial Age
RankedLock teamsTeams togetherTeam positionsShared explorationLock speedFull tech treeHidden civsTurbo modeCheats
Victory
Defeat
🇸🇪 Ethiopians · Sweden
1023
+18
🇩🇰 Slavs · Denmark
1022
+18
🇺🇸 Persians · United States
1086
-19
🇨🇱 Spanish · Chile
1051
-17
MaseSump15
10:42 Feudal Age
9:24 Loom
11:09 Double-Bit Axe
11:06 Horse Collar
16:00 Castle Age
18:20 Bow Saw
18:32 Heavy Plow
22:35 Wheelbarrow
22:42 Fletching
23:38 Hand Cart
23:57 Squires
24:50 Ballistics
24:31 Bodkin Arrow
27:00 Kamandaran
26:53 Crossbowman
28:05 Thumb Ring
28:29 Padded Archer Armor
32:33 Imperial Age
31:12 Gold Mining
33:43 Gold Shaft Mining
33:41 Forging
33:31 Padded Archer Armor
34:02 Scale Barding Armor
34:13 Cavalier
34:53 Husbandry
36:01 Leather Archer Armor
36:21 Iron Casting
37:09 Bloodlines
39:58 Crop Rotation
41:38 Hoardings
42:03 Ring Archer Armor
42:35 Blast Furnace
41:56 Chain Barding Armor
41:38 Stone Mining
42:11 Pikeman
43:18 Scale Mail Armor
44:21 Chemistry
42:56 Halberdier
45:44 Masonry
46:38 Chain Mail Armor
46:54 Light Cavalry
53:31 Caravan
54:02 Coinage
53:42 Guilds
54:41 Two-Man Saw
53:26 Heavy Camel Rider
54:49 Plate Mail Armor
54:37 Murder Holes
55:17 Architecture
54:44 Town Watch
57:05 Hussar
58:12 Citadels
61:43 Savar
63:39 Plate Barding Armor
PIPEX1356
0:40 Loom
13:32 Feudal Age
14:30 Man-at-Arms
14:56 Arson
18:10 Wheelbarrow
22:15 Castle Age
21:14 Double-Bit Axe
21:51 Stone Mining
21:56 Horse Collar
29:03 Imperial Age
27:57 Hand Cart
33:35 Husbandry
35:13 Fletching
35:23 Padded Archer Armor
36:52 Bow Saw
36:46 Heavy Plow
37:00 Forging
36:56 Scale Barding Armor
36:59 Padded Archer Armor
37:13 Bodkin Arrow
40:12 Hoardings
39:07 Sappers
41:04 Iron Casting
40:50 Chain Barding Armor
40:46 Leather Archer Armor
40:32 Bracer
40:41 Caravan
41:38 Gold Mining
43:01 Two-Man Saw
42:38 Bloodlines
41:52 Elite Conquistador
44:06 Cavalier
47:08 Paladin
49:46 Plate Barding Armor
50:12 Blast Furnace
49:43 Ring Archer Armor
50:17 Ballistics
50:58 Chemistry
49:44 Arrowslits
49:54 Murder Holes
50:10 Fortified Wall
54:08 Bombard Tower
53:12 Light Cavalry
53:21 Capped Ram
54:39 Gambesons
54:55 Squires
54:15 Pikeman
54:16 Long Swordsman
60:05 Siege Ram
66:44 Hussar
69:51 Thumb Ring
69:06 Elite Skirmisher
69:57 Halberdier
71:18 Scale Mail Armor
RightfulYeti
0:31 Loom
10:49 Feudal Age
11:18 Double-Bit Axe
16:34 Castle Age
16:14 Stone Mining
17:57 Horse Collar
18:28 Arson
20:29 Scale Mail Armor
24:28 Forging
26:54 Bow Saw
32:44 Imperial Age
31:32 Wheelbarrow
30:43 Town Watch
32:15 Wheelbarrow
31:37 Elite Skirmisher
32:09 Fletching
33:07 Chain Mail Armor
34:06 Heavy Plow
35:22 Halberdier
36:04 Squires
37:30 Padded Archer Armor
37:26 Bodkin Arrow
38:01 Thumb Ring
39:11 Conscription
38:54 Royal Heirs
40:05 Two-Man Saw
38:56 Gold Mining
39:30 Thumb Ring
40:48 Leather Archer Armor
41:25 Conscription
41:10 Town Watch
44:17 Iron Casting
45:04 Plate Mail Armor
45:13 Ballistics
46:09 Chemistry
45:50 Caravan
46:20 Coinage
46:26 Bracer
46:56 Ring Archer Armor
48:07 Gold Shaft Mining
48:04 Siege Engineers
51:15 Ring Archer Armor
50:59 Masonry
50:46 Murder Holes
54:01 Heavy Scorpion
55:51 Coinage
56:19 Torsion Engines
61:19 Architecture
61:57 Blast Furnace
73:30 Elite Shotel Warrior
75:15 Blast Furnace
Unbesiegbar !!
0:31 Loom
13:23 Feudal Age
17:55 Castle Age
16:44 Double-Bit Axe
22:17 Wheelbarrow
22:11 Horse Collar
26:55 Heavy Plow
28:25 Hand Cart
30:02 Fortified Wall
33:02 Imperial Age
30:43 Scale Barding Armor
30:43 Gold Mining
31:59 Chain Barding Armor
31:49 Caravan
32:16 Forging
33:14 Stone Mining
34:10 Iron Casting
33:03 Elite Boyar
34:04 Conscription
34:41 Gold Shaft Mining
35:05 Plate Barding Armor
34:31 Scale Mail Armor
35:55 Blast Furnace
36:33 Blast Furnace
35:51 Chain Mail Armor
34:59 Pikeman
36:12 Crop Rotation
35:59 Bow Saw
35:45 Halberdier
37:27 Bloodlines
37:18 Husbandry
50:18 Man-at-Arms
53:59 Two-Man Saw
54:53 Plate Mail Armor
Connection lost

Rejoining the realm…

Still unreachable

The connection could not be restored.

Session expired

The server has moved on; the page needs a fresh start.